 Dungeon Crawl Stone Soup version 0.13.0-17-g5f0e85f (webtiles) character file.

163 Econoterrorist the Insei (level 3, 0/26 HPs)
             Began as a Merfolk Transmuter on Oct 22, 2013.
             Succumbed to an adder's poison
             ... on Level 2 of the Dungeon.
             The game lasted 00:07:03 (1325 turns).

Econoterrorist the Insei (Merfolk Transmuter)       Turns: 1325, Time: 00:07:03

HP   0/26        AC  2     Str 10      XL: 3   Next: 95%
MP   4/4         EV 14     Int 13      God:
Gold 107         SH  0     Dex 14      Spells:  3 memorised,  0 levels left

Res.Fire  : . . .   See Invis. : .     - Unarmed
Res.Cold  : + . .   Warding    : .   c - +0 robe
Life Prot.: . . .   Conserve   : .   (no shield)
Res.Poison: .       Res.Corr.  : .   (no helmet)
Res.Elec. : .       Clarity    : .   (no cloak)
Sust.Abil.: . .     Spirit.Shd : .   (no gloves)
Res.Mut.  : .       Stasis     : .   (no boots)
Res.Rott. : .       Flight     : .   (no amulet)
Saprovore : . . .                    l - +1 ring of evasion
                                     k - ring of protection from cold

@: mildly poisoned, not resistant to hostile enchantments, unstealthy
A: change form in water, swift swim
a: no special abilities


You were on level 2 of the Dungeon.
You were not hungry.

You visited 1 branch of the dungeon, and saw 2 of its levels.

You collected 87 gold pieces.

Inventory:

Missiles
 b - 12 arrows
Armour
 c - a +0 robe (worn)
Comestibles
 a - a bread ration
 h - a lemon
Scrolls
 e - 2 scrolls of enchant weapon I
 g - a scroll of teleportation
 i - 2 scrolls of remove curse
 j - a scroll of identify
Jewellery
 k - a ring of protection from cold (left hand)
 l - a +1 ring of evasion (right hand)
Books
 d - a book of Changes

   Spells                             Type                      Level
   *Beastly Appendage                 Transmutation                1
   *Sticks to Snakes                  Transmutation                2
   *Spider Form                       Transmutation/Poison         3
   Ice Form                           Ice/Transmutation            4
   Blade Hands                        Transmutation                5


   Skills:
 - Level 1.1 Fighting
 - Level 2.6 Dodging
 - Level 4.5 Unarmed Combat
 - Level 2.0 Spellcasting
 + Level 3.6 Transmutations
 + Level 1.0 Poison Magic


You couldn't memorise any spells.
You knew the following spells:

 Your Spells              Type           Power        Failure   Level  Hunger
a - Beastly Appendage     Trmt           ##....       8%          1    ##.....
b - Sticks to Snakes      Trmt           ##........   10%         2    ###....
c - Spider Form           Trmt/Pois      #.........   34%         3    ####...


Dungeon Overview and Level Annotations

Branches:
Dungeon (2/27)

Altars:
Xom


Message History

As you read the scroll labeled THEORGH EKUSCHA, it crumbles to dust.
Your hands very briefly gain a green sheen.
It was a scroll of enchant weapon I.
Read which item? (? for menu, Esc to quit)
As you read the scroll labeled ZUAMOS ESIRCH, it crumbles to dust.
You feel as if something is helping you.
It was a scroll of remove curse.
Read which item? (? for menu, Esc to quit)
As you read the scroll labeled QIADOU SKUE, it crumbles to dust.
You feel strangely unstable.
It was a scroll of teleportation.
Read which item? (? for menu, Esc to quit)
As you read the scroll labeled KYSOPN OMMAEDEBU, it crumbles to dust.
Use on which item? (\ to view known items) (? for menu, Esc to quit)
k - a ring of protection from cold (left hand) It was a scroll of identify.
* * * LOW HITPOINT WARNING * * *
You feel sick.
You start resting.
Your surroundings suddenly seem different.
You die...

#.......#......
#.......).........
#.......#.........#
#.......#......... #
#.......##.#..... .
#............... .
#..............# #
#..............# ##.###.......@.#
#.# #.........# #.#
#.........####### #.#
#................. #.#
#.........#######.#
#####.###.........# #.#
#.......##........#######.#######
#................%...........)...
#.......##.......[######......###


There were no monsters in sight!

Vanquished Creatures
  An adder (D:2)
  A giant mite (D:2)
  An ooze (D:1)
  3 bats (D:1)
  2 giant cockroaches (D:1)
  3 goblins (D:1)
  4 hobgoblins
  8 jackals (D:1)
  A ball python (D:2)
  A giant newt (D:1)
  2 kobolds (D:1)
  9 rats
36 creatures vanquished.

Notes
Turn   | Place    | Note
--------------------------------------------------------------
     0 | D:1      | Econoterrorist, the Merfolk Transmuter, began the quest for the Orb.
     0 | D:1      | Reached XP level 1. HP: 15/15 MP: 1/1
   141 | D:1      | Reached XP level 2. HP: 18/21 MP: 0/3
   155 | D:1      | Reached skill level 4 in Unarmed Combat
   207 | D:1      | Learned a level 2 spell: Sticks to Snakes
   586 | D:1      | Reached XP level 3. HP: 21/26 MP: 4/4
   595 | D:1      | Learned a level 3 spell: Spider Form
  1029 | D:2      | Found a shimmering altar of Xom.
  1285 | D:2      | Reached skill level 1 in Poison Magic
  1320 | D:2      | HP: 1/26 [poisoned by an adder]
  1325 | D:2      | Succumbed to an adder's poison

Action                   || total
-------------------------++-------
Melee: Unarmed           ||   166
 Cast: Beastly Appendage ||     8
  Use: Scroll            ||     4
       Potion            ||     1
